PAA
SPRINGFIELD SHOOTERS @ MERCER ISLAND SCREAMING EAGLES
09/13/2042
 
TOP OF THE 1ST
Springfield Shooters batting - Pitching for Mercer Island Screaming Eagles : LHP Phil Day
Pitching: LHP Phil Day
Batting: RHB Yasukazu Yano 0-0: Called Strike
0-1: Ball
1-1: Foul Ball, location: 2F
1-2: Ball
2-2: Ball
3-2: Ground out 4-3 (Groundball, 4, EV 88.1 MPH)
Batting: LHB Adam Lee 0-0: Ball
1-0: Called Strike
1-1: Foul Ball, location: 2F
1-2: Foul Ball, location: 2F
1-2: Ground out 4-3 (Groundball, 4, EV 105.6 MPH)
Batting: RHB Gabriel Luzuriaga 0-0: Swinging Strike
0-1: Ground out 6-3 (Groundball, 6, EV 94.4 MPH)
Top of the 1st over - 0 runs, 0 hits, 0 errors, 0 left on base; Springfield 0 - Mercer Island 0
BOTTOM OF THE 1ST
Mercer Island Screaming Eagles batting - Pitching for Springfield Shooters : RHP César González
Pitching: RHP César González
Batting: LHB Steve Lodge 0-0: Swinging Strike
0-1: Called Strike
0-2: Ball
1-2: SOLO HOME RUN (Line Drive, 9D, EV 102.5 MPH), Distance : 386 ft
Batting: RHB Domingo Reyes 0-0: Ball
1-0: Foul Ball, location: 2F
1-1: Fly out, F6 (Line Drive, 6, EV 75.6 MPH)
Batting: RHB Thiago Yepes 0-0: Foul Ball, location: 2F
0-1: SINGLE (Line Drive, 78S, EV 97.5 MPH)
Batting: RHB Miles Breeuwer 0-0: Ball
1-0: Ball
2-0: Called Strike
2-1: Swinging Strike
2-2: Ball
3-2: Foul Ball, location: 2F
3-2: SINGLE (Line Drive, 78S, EV 100.0 MPH)
Thiago Yepes to second
Batting: RHB Matsuo Ino 0-0: SINGLE (Line Drive, 6D, EV 97.5 MPH)
Thiago Yepes to third
Miles Breeuwer to second
Batting: RHB Carlos Rivera 0-0: Called Strike
0-1: Fly out, F9 (Flyball, 9LD, EV 93.1 MPH)
Runner from 3rd tags up, OUT at HOME! 9-2
Bottom of the 1st over - 1 run, 4 hits, 0 errors, 2 left on base; Springfield 0 - Mercer Island 1
TOP OF THE 2ND
Springfield Shooters batting - Pitching for Mercer Island Screaming Eagles : LHP Phil Day
Batting: RHB Bo Rajat 0-0: Ball
1-0: Ball
2-0: Foul Ball, location: 2F
2-1: Ground out 4-3 (Groundball, 4, EV 85.0 MPH)
Batting: RHB Shi-xian Zhŕo 0-0: Ball
1-0: Ball
2-0: Fly out, F6 (Line Drive, 6, EV 65.6 MPH)
Batting: RHB Clay Myers 0-0: Foul Ball, location: 2F
0-1: Ball
1-1: Ground out 5-3 (Groundball, 56, EV 84.4 MPH)
Top of the 2nd over - 0 runs, 0 hits, 0 errors, 0 left on base; Springfield 0 - Mercer Island 1
BOTTOM OF THE 2ND
Mercer Island Screaming Eagles batting - Pitching for Springfield Shooters : RHP César González
Batting: LHB Brian Drake 0-0: Called Strike
0-1: Ball
1-1: Foul Ball, location: 2F
1-2: Ball
2-2: Foul Ball, location: 2F
2-2: Foul Ball, location: 2F
2-2: DOUBLE (Line Drive, 7LS, EV 106.9 MPH)
Batting: RHB Marcos Villanueva 0-0: Ball
1-0: Ball
2-0: Foul Ball, location: 2F
2-1: Foul Ball, location: 2F
2-2: Ball
3-2: Fly out, F7 (Flyball, 7, EV 88.8 MPH)
Batting: LHB Niek Breugelmans 0-0: Foul Ball, location: 2F
0-1: Ball
1-1: Fly out, F8 (Flyball, 8LS, EV 85.6 MPH)
Batting: LHB Steve Lodge 0-0: Ball
1-0: Called Strike
1-1: Fly out, F7 (Flyball, 78D, EV 95.6 MPH)
Bottom of the 2nd over - 0 runs, 1 hit, 0 errors, 1 left on base; Springfield 0 - Mercer Island 1
TOP OF THE 3RD
Springfield Shooters batting - Pitching for Mercer Island Screaming Eagles : LHP Phil Day
Batting: RHB David Báez 0-0: Ball
1-0: Swinging Strike
1-1: Foul Ball, location: 2F
1-2: Foul Ball, location: 2F
1-2: Strikes out swinging
Batting: LHB Ken Jackson 0-0: Foul Ball, location: 2F
0-1: Ball
1-1: Ball
2-1: Fly out, F9 (Line Drive, 9, EV 89.4 MPH)
Batting: RHB Freddie Butterworth 0-0: Ball
1-0: Ball
2-0: Swinging Strike
2-1: Foul Ball, location: 2F
2-2: Ball
3-2: Ground out 4-3 (Groundball, 4, EV 82.5 MPH)
Top of the 3rd over - 0 runs, 0 hits, 0 errors, 0 left on base; Springfield 0 - Mercer Island 1
BOTTOM OF THE 3RD
Mercer Island Screaming Eagles batting - Pitching for Springfield Shooters : RHP César González
Batting: RHB Domingo Reyes 0-0: Ground out 5-3 (Groundball, 56, EV 100.6 MPH)
Batting: RHB Thiago Yepes 0-0: Called Strike
0-1: Foul Ball, location: 2F
0-2: Ball
1-2: Ball
2-2: Foul Ball, location: 2F
2-2: Ground out 5-3 (Groundball, 5, EV 107.5 MPH)
Batting: RHB Miles Breeuwer 0-0: Called Strike
0-1: SINGLE (Line Drive, 7S, EV 105.0 MPH)
Batting: RHB Matsuo Ino 0-0: Ball
1-0: Fly out, F5 (Popup, 5SF, EV 80.6 MPH)
Bottom of the 3rd over - 0 runs, 1 hit, 0 errors, 1 left on base; Springfield 0 - Mercer Island 1
TOP OF THE 4TH
Springfield Shooters batting - Pitching for Mercer Island Screaming Eagles : LHP Phil Day
Batting: RHB Yasukazu Yano 0-0: Called Strike
0-1: Fly out, F8 (Flyball, 8LS, EV 89.4 MPH)
Batting: LHB Adam Lee 0-0: Foul Ball, location: 2F
0-1: Ball
1-1: Ball
2-1: Called Strike
2-2: Strikes out swinging
Batting: RHB Gabriel Luzuriaga 0-0: Called Strike
0-1: Ball
1-1: Ball
2-1: Ball
3-1: Base on Balls
Batting: RHB Bo Rajat Pickoff Throw to First - Error! E1
Gabriel Luzuriaga to second
0-0: Swinging Strike
0-1: Swinging Strike
0-2: Foul Ball, location: 2F
0-2: Strikes out swinging, 2-3 out at first.
Top of the 4th over - 0 runs, 0 hits, 1 error, 1 left on base; Springfield 0 - Mercer Island 1
BOTTOM OF THE 4TH
Mercer Island Screaming Eagles batting - Pitching for Springfield Shooters : RHP César González
Batting: RHB Carlos Rivera 0-0: Ball
1-0: Called Strike
1-1: Foul Ball, location: 2F
1-2: Ball
2-2: Strikes out swinging
Batting: LHB Brian Drake 0-0: Ball
1-0: Swinging Strike
1-1: Ball
2-1: Fly out, F8 (Line Drive, 8RD, EV 91.9 MPH)
Batting: RHB Marcos Villanueva 0-0: Called Strike
0-1: Ball
1-1: Fly out, F6 (Popup, 6MS, EV 81.9 MPH)
Bottom of the 4th over - 0 runs, 0 hits, 0 errors, 0 left on base; Springfield 0 - Mercer Island 1
TOP OF THE 5TH
Springfield Shooters batting - Pitching for Mercer Island Screaming Eagles : LHP Phil Day
Batting: RHB Shi-xian Zhŕo 0-0: Ball
1-0: Foul Ball, location: 2F
1-1: Ball
2-1: Ball
3-1: Base on Balls
Batting: RHB Clay Myers 0-0: Ball
1-0: Sac Bunt to 3S - play at first, batter safe!
Shi-xian Zhŕo to second
Batting: RHB David Báez 0-0: Foul Ball, location: 2F
0-1: Foul Ball, location: 2F
0-2: Ball
1-2: Foul Ball, location: 2F
1-2: Foul Ball, location: 2F
1-2: Ball
2-2: Grounds into double play, 6-4-3 (Groundball, 6, EV 102.5 MPH)
Shi-xian Zhŕo to third
Batting: LHB Ken Jackson 0-0: Called Strike
0-1: Ball
1-1: Called Strike
1-2: Strikes out looking
Top of the 5th over - 0 runs, 1 hit, 0 errors, 1 left on base; Springfield 0 - Mercer Island 1
BOTTOM OF THE 5TH
Mercer Island Screaming Eagles batting - Pitching for Springfield Shooters : RHP César González
Batting: LHB Niek Breugelmans 0-0: Ball
1-0: Ground out 1-3 (Groundball, 34S, EV 67.5 MPH)
Batting: LHB Steve Lodge 0-0: Ground out 4-3 (Groundball, 4, EV 100.0 MPH)
Batting: RHB Domingo Reyes 0-0: Called Strike
0-1: Ball
1-1: DOUBLE (Line Drive, 78XD, EV 100.0 MPH)
Batting: RHB Thiago Yepes 0-0: Ball
1-0: Swinging Strike
1-1: Ball
2-1: Reached on error, E6 (Groundball, 6, EV 78.8 MPH)
Domingo Reyes scores
Batting: RHB Miles Breeuwer 0-0: Intentional Walk
Batting: RHB Matsuo Ino 0-0: Ball
1-0: Swinging Strike
1-1: Swinging Strike
1-2: SINGLE (Line Drive, 5L, EV 96.2 MPH)
Thiago Yepes to third
Miles Breeuwer to second
Runner from 3rd tries for Home, SAFE, throw by LF to home
Batting: RHB Carlos Rivera 0-0: Ground out 1-3 (Groundball, P, EV 65.6 MPH)
Bottom of the 5th over - 2 runs, 2 hits, 1 error, 2 left on base; Springfield 0 - Mercer Island 3
TOP OF THE 6TH
Springfield Shooters batting - Pitching for Mercer Island Screaming Eagles : LHP Phil Day
Batting: RHB Freddie Butterworth 0-0: Ball
1-0: Called Strike
1-1: Ball
2-1: Called Strike
2-2: Ball
3-2: Base on Balls
Batting: RHB Yasukazu Yano 0-0: Swinging Strike
0-1: Bunt missed!
0-2: Fly out, F9 (Flyball, 9D, EV 101.2 MPH)
Batting: LHB Adam Lee 0-0: Foul Ball, location: 2F
0-1: Fly out, F8 (Flyball, 89S, EV 81.2 MPH)
Batting: RHB Gabriel Luzuriaga 0-0: Swinging Strike
0-1: Called Strike
0-2: Fly out, F8 (Flyball, 8RD, EV 97.5 MPH)
Top of the 6th over - 0 runs, 0 hits, 0 errors, 1 left on base; Springfield 0 - Mercer Island 3
BOTTOM OF THE 6TH
Mercer Island Screaming Eagles batting - Pitching for Springfield Shooters : RHP César González
Batting: LHB Brian Drake 0-0: Ball
1-0: Ball
2-0: Called Strike
2-1: Foul Ball, location: 2F
2-2: Ball
3-2: Foul Ball, location: 2F
3-2: Fly out, F7 (Flyball, 7LD, EV 98.8 MPH)
Batting: RHB Marcos Villanueva 0-0: Foul Ball, location: 2F
0-1: Foul Ball, location: 2F
0-2: Foul Ball, location: 2F
0-2: Foul Ball, location: 2F
0-2: Foul Ball, location: 2F
0-2: Fly out, F9 (Flyball, 9S, EV 83.8 MPH)
Batting: LHB Niek Breugelmans 0-0: Reached on error, E6 (Groundball, 6, EV 83.8 MPH)
Pitching: LHP Vasquo Lousada
Batting: LHB Steve Lodge 0-0: Ball
1-0: Ball
2-0: Called Strike
2-1: Ball
3-1: Ground out 1-3 (Groundball, 13, EV 79.4 MPH)
Bottom of the 6th over - 0 runs, 0 hits, 1 error, 1 left on base; Springfield 0 - Mercer Island 3
TOP OF THE 7TH
Springfield Shooters batting - Pitching for Mercer Island Screaming Eagles : LHP Phil Day
Batting: RHB Bo Rajat 0-0: Called Strike
0-1: Swinging Strike
0-2: Strikes out looking
Batting: RHB Shi-xian Zhŕo 0-0: Swinging Strike
0-1: Hit by Pitch
Batting: RHB Clay Myers 0-0: Called Strike
0-1: Ball
1-1: Ball
2-1: DOUBLE (Flyball, 8LXD, EV 95.6 MPH)
Shi-xian Zhŕo to third
Pitching: LHP Ming Zhai
Batting: RHB David Báez 0-0: Foul Ball, location: 2F
0-1: Ball
1-1: Foul Ball, location: 2F
1-2: Ball
2-2: Strikes out swinging
Batting: LHB Ken Jackson 0-0: Called Strike
0-1: Swinging Strike
0-2: Strikes out looking
Top of the 7th over - 0 runs, 1 hit, 0 errors, 2 left on base; Springfield 0 - Mercer Island 3
BOTTOM OF THE 7TH
Mercer Island Screaming Eagles batting - Pitching for Springfield Shooters : LHP Vasquo Lousada
Batting: RHB Domingo Reyes 0-0: Ground out 5-3 (Groundball, 56, EV 108.8 MPH)
Batting: RHB Thiago Yepes 0-0: Ball
1-0: Called Strike
1-1: Foul Ball, location: 2F
1-2: Fly out, F6 (Popup, 6M, EV 63.8 MPH)
Batting: RHB Miles Breeuwer 0-0: Ball
1-0: Called Strike
1-1: Ball
2-1: Called Strike
2-2: Ground out 4-3 (Groundball, 4, EV 86.2 MPH)
Bottom of the 7th over - 0 runs, 0 hits, 0 errors, 0 left on base; Springfield 0 - Mercer Island 3
TOP OF THE 8TH
Springfield Shooters batting - Pitching for Mercer Island Screaming Eagles : LHP Ming Zhai
Batting: RHB Freddie Butterworth 0-0: Foul Ball, location: 2F
0-1: Reached on error, E1 (Groundball, 34S, EV 85.6 MPH)
Batting: RHB Yasukazu Yano 0-0: Swinging Strike
0-1: Called Strike
0-2: Strikes out looking
Batting: LHB Adam Lee 0-0: Ball
1-0: Ball
2-0: Ball
3-0: Called Strike
3-1: Foul Ball, location: 2F
3-2: Foul Ball, location: 2F
3-2: Strikes out looking
Batting: RHB Gabriel Luzuriaga 0-0: Ground out 4-3 (Groundball, 4MS, EV 68.1 MPH)
Top of the 8th over - 0 runs, 0 hits, 1 error, 1 left on base; Springfield 0 - Mercer Island 3
BOTTOM OF THE 8TH
Mercer Island Screaming Eagles batting - Pitching for Springfield Shooters : LHP Vasquo Lousada
Pitching: RHP Da'wan Gaines
Batting: RHB Matsuo Ino 0-0: Ball
1-0: Ground out 6-3 (Groundball, 6, EV 93.1 MPH)
Batting: RHB Carlos Rivera 0-0: Called Strike
0-1: Foul Ball, location: 2F
0-2: SINGLE (Groundball, 56D, EV 103.1 MPH)
Batting: LHB Brian Drake 0-0: Fielders Choice at 2nd, 5-4 (Groundball, 5, EV 101.2 MPH)
Batting: RHB Marcos Villanueva 0-0: Ball
1-0: Swinging Strike
1-1: Foul Ball, location: 2F
1-2: Strikes out swinging
Bottom of the 8th over - 0 runs, 1 hit, 0 errors, 1 left on base; Springfield 0 - Mercer Island 3
TOP OF THE 9TH
Springfield Shooters batting - Pitching for Mercer Island Screaming Eagles : LHP Ming Zhai
Batting: RHB Bo Rajat 0-0: Called Strike
0-1: Foul Ball, location: 2F
0-2: Ball
1-2: Foul Ball, location: 2F
1-2: Strikes out swinging, 2-3 out at first.
Batting: RHB Shi-xian Zhŕo 0-0: Foul Ball, location: 2F
0-1: Ball
1-1: Called Strike
1-2: Ground out 6-3 (Groundball, 6, EV 86.9 MPH)
Batting: RHB Clay Myers 0-0: Foul Ball, location: 2F
0-1: Swinging Strike
0-2: Foul Ball, location: 2F
0-2: Ball
1-2: Ball
2-2: Ball
3-2: SINGLE (Flyball, 6D, EV 76.2 MPH)
Batting: RHB David Báez 0-0: Called Strike
0-1: Ball
1-1: Fielders Choice at 2nd, 6-4 (Groundball, 6, EV 93.1 MPH)
Top of the 9th over - 0 runs, 1 hit, 0 errors, 1 left on base; Springfield 0 - Mercer Island 3
Friday, March 26th, 2021 - OOTP Baseball 20.8 Build 74